AoeStats
← a2b3-jano

Black Forest

509496289Analyzed
4v4 RM · 7d ago on Sep 27, 2026· 15m 0s· 8 players
Game mode
Random Map
Map size
Large (8 player)
Population
200
Speed
Normal
Resources
Standard
Victory
Conquest
Starting age
Dark Age
Ending age
Imperial Age
RankedLock teamsTeams togetherTeam positionsShared explorationLock speedFull tech treeHidden civsTurbo modeCheats
Victory
Defeat
🇯🇵 Malay · Japan
823
+17
🇩🇪 Britons · Germany
822
+17
🇺🇸 Khmer · United States
797
+19
🇬🇧 Persians · United Kingdom
796
+19
🇵🇪 Teutons · Peru
890
-20
🇦🇷 Persians · Argentina
856
-18
🇵🇪 Britons · Peru
856
-18
🇵🇪 Byzantines · Peru
812
-16
ButtSorceress
14:59 Feudal Age
BOOSON 8
0:30 Loom
JcP King
0:28 Loom
12:47 Feudal Age
14:28 Wheelbarrow
13:44 Double-Bit Axe
Lubuntu10.04LTS
1:09 Loom
13:37 Feudal Age
13:53 Fishing Lines
14:15 Double-Bit Axe
Iskander
10:19 Loom
13:11 Feudal Age
a2b3-jano
0:58 Loom
12:49 Feudal Age
Jacopsonn
12:22 Feudal Age
Ebrio
0:53 Loom
12:55 Feudal Age
13:34 Double-Bit Axe
13:33 Horse Collar
Connection lost

Rejoining the realm…

Still unreachable

The connection could not be restored.

Session expired

The server has moved on; the page needs a fresh start.